 Dungeon Crawl Stone Soup version 0.30-a0-578-gdee14c521f (webtiles) character file.

Game seed: 5150055783767363670

26973 greenreed the Bludgeoner (level 13, -4/122 HPs)
             Began as a Minotaur Fighter on Dec 31, 2022.
             Was a Priest of Nemelex Xobeh.
             Killed from afar by an ice dragon (41 damage)
             ... with a blast of cold
             ... on level 13 of the Dungeon on Jan 1, 2023.
             The game lasted 00:35:48 (14462 turns).

greenreed the Bludgeoner (Minotaur Fighter)        Turns: 14462, Time: 00:35:48

Health: -4/122     AC: 26    Str: 26    XL:     13   Next: 1%
Magic:  0/24       EV:  8    Int:  5    God:    Nemelex Xobeh [***...]
Gold:   1110       SH:  6    Dex: 10    Spells: 12/12 levels left

rFire   + . .      SeeInvis .    L - +3 morningstar
rCold   . . .      Faith    .    V - +1 buckler {rF+}
rNeg    + . .      Spirit   +    K - +0 plate armour
rPois   .          Reflect  .    U - +2 hat {Will+}
rElec   .          Harm     .    T - +4 cloak "Qyezxin" {+Inv Will+ Slay-4}
rCorr   .          Rampage  .    M - +2 pair of gloves
Will    ++...                    (no boots) Stlth
                                 d - amulet of guardian spirit
HPRegen 0.40/turn                v - ring of positive energy
MPRegen 0.19/turn                P - ring of magical power

@: no status effects
A: horns 2, retaliatory headbutt
a: Renounce Religion, Evoke Invisibility, Draw Escape, Draw Destruction, Draw
Summoning, Triple Draw


You were on level 13 of the Dungeon.
You worshipped Nemelex Xobeh.
Nemelex Xobeh was most pleased with you.
You visited 2 branches of the dungeon, and saw 14 of its levels.
You also visited: Sewer, Ossuary, Bailey and Gauntlet.

You collected 1200 gold pieces.
You spent 90 gold pieces at shops.

Inventory:

Hand Weapons
 L - a +3 morningstar (weapon)
Missiles
 j - 2 throwing nets (quivered)
 E - 3 curare-tipped darts
 S - 6 datura-tipped darts
Armour
 m - the +2 hat of Vanity {rC+ Dex+2}
   (You acquired it on level 10 of the Dungeon)

   Dex:       It affects your dexterity (+2).
   rC:        It protects you from cold.
 K - a +0 plate armour (worn)
 M - a +2 pair of gloves (worn)
 T - the +4 cloak "Qyezxin" (worn) {+Inv Will+ Slay-4}
   (You found it in a Gauntlet)

   Slay:      It affects your accuracy & damage with ranged weapons and melee
   (-4).
   +Inv:      It lets you turn invisible.
   Will:      It increases your willpower.
 U - a +2 hat of willpower (worn)
 V - a +1 buckler of fire resistance (worn)
Jewellery
 d - an amulet of guardian spirit (around neck)
 n - a ring of flight
 v - a ring of positive energy (left hand)
 C - a ring of wizardry
 J - a +6 ring of intelligence
 P - a ring of magical power (right hand)
 Q - a ring of positive energy
 R - a ring of poison resistance
 X - an amulet of magic regeneration
Wands
 a - a wand of roots (9)
 s - a wand of quicksilver (4)
 F - a wand of mindburst (21)
 O - a wand of charming (3)
Scrolls
 b - 2 scrolls of amnesia
 c - a scroll of torment {unknown}
 e - 9 scrolls of teleportation
 i - 3 scrolls of fog
 k - 2 scrolls of summoning {unknown}
 p - 2 scrolls of immolation
 r - 4 scrolls of enchant armour
 t - 3 scrolls of blinking
 y - 2 scrolls of vulnerability
 G - a scroll of brand weapon
 H - a scroll of silence
 I - 3 scrolls of enchant weapon
 N - 3 scrolls of identify
 W - a scroll of fear {unknown}
Potions
 f - 4 potions of resistance {unknown}
 g - 2 potions of magic {unknown}
 h - 9 potions of brilliance
 l - a potion of ambrosia {unknown}
 o - 4 potions of attraction {unknown}
 q - 4 potions of heal wounds
 u - 6 potions of haste {unknown}
 w - 11 potions of curing
 x - 6 potions of mutation
 z - 3 potions of flight {unknown}
 A - 2 potions of berserk rage {unknown}
 B - a potion of cancellation {unknown}
 D - 4 potions of lignification {unknown}


   Skills:
 * Level 13.3 Fighting
 * Level 17.1 Maces & Flails
 + Level 12.4 Armour
 + Level 3.6 Dodging
 + Level 1.6 Stealth
 + Level 7.6 Shields
 * Level 4.6 Invocations


You had 12 spell levels left.
You didn't know any spells.
Your spell library contained the following spells:

 Spells                   Type           Power      Damage    Failure   Level
 Apportation              Tloc           0%         N/A       99%         1
 Summon Small Mammal      Summ           0%         N/A       99%         1
 Ensorcelled Hibernation  Hex/Ice        0%         N/A       100%        2
 Passwall                 Tmut/Erth      0%         N/A       100%        2
 Summon Guardian Golem    Hex/Summ       0%         N/A       100%        3
 Swiftness                Air            0%         N/A       100%        3
 Teleport Other           Tloc           0%         N/A       100%        3
 Vhi's Electric Charge    Tloc/Air       0%         N/A       100%        3
 Anguish                  Hex/Necr       0%         N/A       100%        4
 Manifold Assault         Tloc           0%         N/A       100%        4
 Enfeeble                 Hex            0%         N/A       100%        7
 Orb of Destruction       Conj           0%         9d5       100%        7
 Spellforged Servitor     Conj/Summ      0%         N/A       100%        7


Dungeon Overview and Level Annotations

Branches:
Dungeon (13/15)            Temple (1/1) D:6            Lair (0/5) D:8
    Orc (0/2) D:10          Sewer (visited)         Ossuary (visited)
 Bailey (visited)         Gauntlet (visited)
 Vaults: D:13-14

Altars:
Ashenzari
Cheibriados
Dithmenos
Elyvilon
Fedhas
Gozag
Hepliaklqana
Kikubaaqudgha
Makhleb
Nemelex Xobeh
Okawaru
Qazlal
Ru
Sif Muna
Trog
Uskayaw
Vehumet
Wu Jian
Xom
Yredelemnul
Zin
The Shining One

Shops:
D:1 [   D:4 !   D:7 *   D:10 (   D:13 *

Annotations:
D:13 2 transporters


Innate Abilities, Weirdness & Mutations

You have a pair of horns on your head.
You reflexively headbutt those who attack you in melee.


Message History

You are too injured to fight recklessly!
You are too injured to fight recklessly!
You hit the ice dragon.
The ice dragon is moderately wounded.
You barely miss the ice dragon.
The ice dragon is moderately wounded.
The ice dragon bites you but does no damage.
The ice dragon claws you!
The ice dragon tramples you but does no damage.
You barely miss the ice dragon.
The ice dragon is moderately wounded.
The ice dragon barely misses you. You furiously retaliate!
You headbutt the ice dragon!
The ice dragon claws you but does no damage.
The ice dragon tramples you!
You stumble backwards!
You sock the ice dragon! Your headbutt misses the ice dragon.
The ice dragon is heavily wounded.
You barely miss the ice dragon. Your headbutt misses the ice dragon.
The ice dragon is heavily wounded.
The ice dragon breathes frost at you. The blast of cold hits you!!
* * * LOW HITPOINT WARNING * * *
You feel much better. The ice dragon barely misses you.
You furiously retaliate!
You headbutt the ice dragon, but do no damage.
The ice dragon claws you.
* * * LOW HITPOINT WARNING * * *
The ice dragon closely misses you.
You hit the ice dragon but do no damage.
Your headbutt misses the ice dragon.
The ice dragon is heavily wounded.
The ice dragon bites you but does no damage.
The ice dragon barely misses you.
The ice dragon tramples you but does no damage.
You barely miss the ice dragon. You headbutt the ice dragon.
The ice dragon is heavily wounded.
The ice dragon breathes frost at you. The blast of cold hits you!!!
You die...
Your body glows with a rainbow of weird colours and disappears.

§#§#§.#######..#.....#*********,,
......# ##..©#©./...,,,,,,***>,
......#####....#.....#*********,,
............####.....#***********
....###.....# *.....#***********
....#....##.## *.....#***********
...>.....##..#########****,,,,***
....####........### ***,**,,,,,**
.....####......D@.# ************
......###.~.......###
.......##...~≈≈.....# ###
.....<.##..~~~≈≈..### #.#
...........~~~~~..# #.#
.......##..~~~~~..# #.#
.......##.~.~~~...# #.#
...<..##..~...~...# #####.###
..................# #...#..#.


You could see an ice dragon (catching breath).

Vanquished Creatures
  A quicksilver dragon (D:13)
  A minotaur (Gauntlet)
  Josephine (D:10)
  A hydra (D:12)
  4 two-headed ogres
  4 boulder beetles
  A tengu warrior (D:11)
  Sonja (D:13)
  Nergalle (D:11)
  A deep troll (D:13)
  An obsidian statue (Gauntlet)
  An orc knight (Bailey)
  An orc sorcerer (Bailey)
  A manticore (D:12)
  2 ugly things (D:13)
  2 cyclopes
  An eye of devastation (Gauntlet)
  A gargoyle (D:13)
  A yaktaur (shapeshifter) (D:13)
  A kobold demonologist (Bailey)
  2 meliai (D:13)
  2 trolls
  A blink frog (D:13)
  2 slime creatures (D:13)
  A jumping spider (shapeshifter) (D:13)
  A centaur simulacrum (D:13)
  2 shadows (D:10)
  2 vampires
  2 water elementals (D:13)
  2 hogs (D:13)
  4 wraiths
  A wyvern (D:10)
  8 yaks
  A golden eye (D:13)
  4 steam dragons
  Grum (D:9)
  4 vampire mosquitoes (D:13)
  A naga (D:13)
  A harpy simulacrum (Gauntlet)
  2 acid dragons
  A floating eye (Gauntlet)
  2 water moccasins
  An ice beast (D:6)
  A meliai simulacrum (D:13)
  13 orc warriors
  2 sky beasts
  An ogre (D:13)
  3 centaurs
  3 wolves (D:9)
  A phantom (D:6)
  3 kobold brigands
  4 bullfrogs
  2 scorpions
  A gnoll sergeant (D:7)
  3 necrophages
  4 wights (D:8)
  13 killer bees
  2 howler monkeys
  4 electric eels
  7 hounds
  3 jellies
  3 orc priests
  3 iguanas
  Jessica (D:2)
  5 orc wizards
  2 boggart simulacra (Gauntlet)
  9 mummies
  6 gnolls (Bailey)
  9 adders
  2 river rats (Sewer)
  4 white imps
  An ufetubus (D:13)
  3 worms
  41 orcs
  11 ball pythons
  3 bats
  16 endoplasms
  4 giant cockroaches
  14 goblins
  15 hobgoblins
  18 kobolds
  6 quokkas
  4 frilled lizards
  2 gnoll zombies (Ossuary)
  5 hobgoblin zombies
  A kobold zombie (Ossuary)
  2 orc zombies (Ossuary)
  4 rats
340 creatures vanquished.

Vanquished Creatures (collateral kills)
  A moth of wrath (D:13)
  A polar bear (D:13)
  A hornet (D:13)
  A water elemental (D:13)
  A swamp drake (D:13)
  A white imp (D:13)
  An ufetubus (D:13)
7 creatures vanquished.

Vanquished Creatures (others)
  2 orcs (D:13)
  A plant (D:2)
3 creatures vanquished.

Grand Total: 350 creatures vanquished

Notes
Turn   | Place    | Note
-------+----------+-------------------------------------------
     0 | D:1      | greenreed the Minotaur Fighter began the quest for the Orb.
     0 | D:1      | Reached XP level 1. HP: 19/19 MP: 0/0
   209 | D:1      | Found Asoemilu's Antique Armour Boutique.
   374 | D:1      | Reached XP level 2. HP: 27/27 MP: 1/1
   965 | D:2      | Reached XP level 3. HP: 32/33 MP: 2/2
  1060 | D:2      | Noticed Jessica
  1067 | D:2      | Killed Jessica
  1068 | D:2      | Reached skill level 3 in Maces & Flails
  1134 | D:2      | Reached XP level 4. HP: 40/40 MP: 3/3
  1693 | D:3      | Reached skill level 4 in Maces & Flails
  1693 | D:3      | Reached XP level 5. HP: 46/47 MP: 4/4
  1748 | D:3      | Reached skill level 5 in Fighting
  2377 | D:4      | Found Fynantaq's Distillery.
  2399 | D:4      | Bought a potion of degeneration for 10 gold pieces
  2399 | D:4      | Bought a potion of curing for 30 gold pieces
  2399 | D:4      | Bought a potion of heal wounds for 50 gold pieces
  2510 | D:4      | Reached skill level 5 in Armour
  2510 | D:4      | Reached skill level 1 in Dodging
  2510 | D:4      | Reached XP level 6. HP: 53/56 MP: 5/5
  2780 | D:5      | Entered Level 5 of the Dungeon
  2806 | D:5      | Reached skill level 5 in Maces & Flails
  2901 | D:5      | Found a sand-covered staircase.
  2906 | Ossuary  | Entered an ossuary
  2969 | Ossuary  | Reached XP level 7. HP: 23/62 MP: 6/6
  3153 | D:5      | Reached skill level 6 in Maces & Flails
  3299 | D:5      | Found a glowing drain.
  3309 | Sewer    | Entered a sewer
  3477 | Sewer    | Found a viscous altar of Jiyva.
  3887 | D:5      | Reached skill level 7 in Maces & Flails
  4092 | D:5      | Found a snail-covered altar of Cheibriados.
  4285 | D:6      | Reached XP level 8. HP: 32/70 MP: 7/7
  4538 | D:6      | Reached skill level 8 in Maces & Flails
  4663 | D:6      | Reached skill level 5 in Shields
  4754 | D:6      | Found a staircase to the Ecumenical Temple.
  4761 | Temple   | Entered the Ecumenical Temple
  4787 | Temple   | Became a worshipper of Nemelex Xobeh the Trickster
  4906 | D:6      | Reached skill level 9 in Maces & Flails
  5036 | D:6      | Reached skill level 1 in Stealth
  5318 | D:7      | Found a blossoming altar of Fedhas.
  5325 | D:7      | Found an ornate altar of the Wu Jian Council.
  5328 | D:7      | Found an iron altar of Okawaru.
  5667 | D:7      | Found Roejanen's Retail Resort.
  5828 | D:7      | Reached XP level 9. HP: 74/79 MP: 8/8
  5933 | D:7      | Reached skill level 10 in Maces & Flails
  6141 | D:7      | Reached * piety under Nemelex Xobeh
  6505 | D:8      | Received a gift from Nemelex Xobeh
  7071 | D:8      | Found a staircase to the Lair.
  7343 | D:8      | Reached skill level 11 in Maces & Flails
  7462 | D:8      | Reached XP level 10. HP: 47/91 MP: 9/9
  7697 | D:8      | Reached skill level 12 in Maces & Flails
  7962 | D:9      | Reached ** piety under Nemelex Xobeh
  8094 | D:9      | Found a radiant altar of Vehumet.
  8107 | D:9      | Found an ancient bone altar of Kikubaaqudgha.
  8108 | D:9      | Found a shimmering blue altar of Sif Muna.
  8113 | D:9      | Got Sif Muna's Compilation of Rallying
  8590 | D:9      | Noticed Grum
  8607 | D:9      | Killed Grum
  8889 | D:10     | Entered Level 10 of the Dungeon
  8996 | D:10     | Found a staircase to the Orcish Mines.
  9020 | D:10     | Found Qustri's Weapon Shop.
  9066 | D:10     | Found an opulent altar of Gozag.
  9136 | D:10     | Found a flagged portal.
  9145 | Bailey   | Entered a bailey
  9365 | Bailey   | Reached skill level 10 in Fighting
  9426 | Bailey   | Reached skill level 13 in Maces & Flails
  9565 | Bailey   | Noticed an orc knight
  9579 | Bailey   | Killed an orc knight
  9780 | Bailey   | Found an iron altar of Okawaru.
  9780 | Bailey   | Noticed an orc sorcerer
  9781 | Bailey   | Noticed a soul eater
  9789 | Bailey   | Killed an orc sorcerer
 10674 | D:10     | Acquired the +2 hat of Vanity {rC+ Dex+2}
 10801 | D:10     | Reached XP level 11. HP: 99/101 MP: 10/10
 11157 | D:11     | Reached *** piety under Nemelex Xobeh
 11157 | D:11     | Received a gift from Nemelex Xobeh
 11200 | D:11     | Noticed a two-headed ogre
 11202 | D:11     | Noticed a two-headed ogre
 11202 | D:11     | Noticed a boulder beetle
 11203 | D:11     | Noticed a two-headed ogre
 11204 | D:11     | Noticed Nergalle
 11218 | D:10     | Killed a two-headed ogre
 11219 | D:10     | Reached skill level 14 in Maces & Flails
 11426 | D:10     | Killed a two-headed ogre
 11427 | D:10     | HP: 4/102 [troll (2)]
 11705 | D:11     | Killed Nergalle
 11706 | D:11     | Reached skill level 10 in Armour
 11720 | D:11     | Killed a two-headed ogre
 11878 | D:11     | Noticed Josephine
 11908 | D:10     | Killed Josephine
 11948 | D:11     | Killed a boulder beetle
 11949 | D:11     | Reached skill level 15 in Maces & Flails
 12180 | D:11     | Received a gift from Nemelex Xobeh
 12278 | D:12     | Noticed a tengu warrior
 12289 | D:11     | Killed a tengu warrior
 12473 | D:12     | Reached skill level 1 in Invocations
 12532 | D:12     | Noticed a six-headed hydra
 12538 | D:12     | Killed a six-headed hydra
 12753 | D:12     | You fall into a shaft and drop 1 floor!
 12754 | D:13     | Noticed a two-headed ogre
 12760 | D:13     | Killed a two-headed ogre
 12761 | D:13     | Reached XP level 12. HP: 98/112 MP: 12/12
 12788 | D:13     | Found Rafer's General Store.
 12811 | D:13     | Noticed a boulder beetle
 12824 | D:13     | Killed a boulder beetle
 12833 | D:13     | Noticed a centaur warrior
 12847 | D:13     | a centaur warrior changed into a moth of wrath
 12855 | D:13     | Noticed Sonja
 12858 | D:13     | Noticed a centaur warrior
 12876 | D:13     | a centaur warrior changed into a glowing shapeshifter
 12878 | D:13     | Killed Sonja
 12879 | D:13     | Reached skill level 16 in Maces & Flails
 13014 | D:13     | Noticed a boulder beetle
 13030 | D:13     | Found a transporter.
 13035 | D:13     | Killed a boulder beetle
 13037 | D:13     | Found the amulet of the Four Winds {rN+ Will+++ Clar}
 13095 | D:13     | a tyrant leech changed into a boulder beetle
 13095 | D:13     | Noticed a boulder beetle
 13109 | D:13     | Killed a boulder beetle
 13142 | D:13     | Found a transporter.
 13144 | D:13     | Found a gate leading to a gauntlet.
 13150 | Gauntlet | Entered a Gauntlet
 13150 | Gauntlet | Found a transporter.
 13150 | Gauntlet | Found a transporter.
 13354 | Gauntlet | Found a transporter.
 13368 | Gauntlet | Found a transporter.
 13371 | Gauntlet | Found a transporter.
 13371 | Gauntlet | Found a transporter.
 13373 | Gauntlet | Found a transporter.
 13373 | Gauntlet | Found a transporter.
 13378 | Gauntlet | Found a runed translucent door.
 13385 | Gauntlet | Found a transporter.
 13385 | Gauntlet | Received a gift from Nemelex Xobeh
 13401 | Gauntlet | Found a transporter.
 13403 | Gauntlet | Found a runed translucent door.
 13411 | Gauntlet | Found a transporter.
 13425 | Gauntlet | Found a transporter.
 13459 | Gauntlet | Found a transporter.
 13471 | Gauntlet | Found a transporter.
 13759 | Gauntlet | Identified the +4 cloak "Qyezxin" {+Inv Will+ Slay-4}
 13881 | Gauntlet | Noticed a minotaur
 13895 | Gauntlet | Killed a minotaur
 13896 | Gauntlet | Reached skill level 17 in Maces & Flails
 13919 | Gauntlet | Got the Codex of the Jaunt
 14080 | D:13     | Noticed Kirke
 14092 | D:13     | Noticed a sphinx
 14095 | D:13     | a sphinx changed into a fire giant
 14095 | D:13     | Noticed a fire giant
 14095 | D:13     | Noticed Kirke
 14110 | D:13     | Killed Kirke the quicksilver dragon
 14199 | D:13     | Reached XP level 13. HP: 105/122 MP: 15/15
 14462 | D:13     | Killed from afar by an ice dragon

Illustrated notes

Levels and vault maps discovered:
D:1:      amcnicky_arrival_underground_garden, layout_loops_ring, serial_shops,
          nicolae_shop_hallway_stairs
D:2:      minmay_alternating_diamond, layout_basic, hangedman_glass_garden,
          uniq_jessica
D:3:      layout_rooms
D:4:      layout_gridville, serial_shops, nicolae_diamond_shop
D:5:      layout_loops_ring, mainiacjoe_overflow_alcove_2,
          cheibrodos_sewer_entry_bend, nicolae_ossuary_entry_giza,
          kennysheep_boxes
D:6:      layout_basic, minmay_temple_entry_mist
D:7:      layout_basic, minmay_overflow_temple_star_quad,
          nicolae_alphabet_shops, minmay_misc_feat_tower,
          kennysheep_generic_room_8
D:8:      layout_loops_corners, lair_entry_dummy, grunt_ministairs_5
D:9:      layout_small_grid, grunt_temple_overflow_magic_moments, uniq_grum
D:10:     layout_long_grid, grunt_gozag_statues, orc_david_3, enter_bailey_2
D:11:     layout_rooms, uniq_josephine, uniq_nergalle
D:12:     layout_basic, serial_rivers, chequers_serial_rivers_small_b,
          chequers_serial_rivers_room_b, chequers_serial_rivers_room_b,
          chequers_serial_rivers_room_a, chequers_serial_rivers_micro_c,
          dancing_weapons_uskayaw
D:13:     gammafunk_dig_for_victory, layout_rooms, david_vaults_4,
          gauntlet_entry_generic, serial_shops, shop, serial_ice, serial_ice_b,
          serial_ice_f, serial_ice_j, serial_ice_e, serial_ice_n, serial_ice_d,
          serial_ice_g, serial_ice_m, eino_tiny_chamber,
          hellmonk_guarded_unrand_cigotuvi, uniq_kirke, uniq_sonja
Temple:   compressed_dpeg_circular_temple

Skill      XL: |  1  2  3  4  5  6  7  8  9 10 11 12 |
---------------+-------------------------------------+-----
Armour         | 4 5 6 7 9 11 12 | 12.4
Fighting       | 4 5 6 7 9 10 12 13 | 13.3
Shields        | 4 5 6 7 |  7.6
Maces & Flails | 3 4 5 7 9 11 13 15 17 | 17.1
Dodging        | 1 2 3 |  3.6
Stealth        | 1 |  1.6
Invocations    | 1 4 |  4.6

Action                   |  1- 3 |  4- 6 |  7- 9 | 10-12 | 13-15 || total
-------------------------+-------+-------+-------+-------+-------++-------
Melee: Flail             |    44 |   146 |   245 |       |       ||   435
       Headbutt          |     7 |    26 |    61 |   105 |     4 ||   203
       Morningstar       |       |       |    68 |   480 |    20 ||   568
Throw: Dart              |       |       |       |     1 |       ||     1
Invok: Draw Destruction  |       |       |       |    18 |       ||    18
       Draw Summoning    |       |       |       |     7 |       ||     7
  Use: Potion            |       |     2 |     1 |     4 |     1 ||     8
       Scroll            |       |       |       |    14 |       ||    14
Armor: Scale mail        |    10 |    72 |    96 |       |       ||   178
       Plate armour      |       |       |    57 |   290 |    15 ||   362
Dodge: Dodged            |    15 |    70 |   111 |   192 |     7 ||   395
Block: Buckler           |     9 |    38 |    68 |   125 |     7 ||   247

Table legend: (Time is in decaauts)
 A = Elapsed time spent in this place.
 B = Non-inter-level travel time spent in this place.
 C = Inter-level travel time spent in this place.
 D = Time resting spent in this place.
 E = Time spent auto-exploring this place.
 F = Levels seen in this place.
 G = Mean time per level.
                   A        B        C        D        E       F      G
               +--------+--------+--------+--------+--------+-----+--------+
         Total |  14484 |  14076 |    408 |   2005 |   8847 |  18 |  804.7 |
       Dungeon |  11528 |  11120 |    408 |    762 |   8149 |  13 |  886.8 |
        Temple |    113 |    113 |      0 |      0 |     66 |   1 |  113.0 |
         Sewer |    431 |    431 |      0 |    125 |    164 |   1 |  431.0 |
       Ossuary |    198 |    198 |      0 |      0 |     11 |   1 |  198.0 |
        Bailey |   1427 |   1427 |      0 |    750 |    340 |   1 | 1427.0 |
      Gauntlet |    783 |    783 |      0 |    368 |    116 |   1 |  783.0 |
               +--------+--------+--------+--------+--------+-----+--------+

Top non-repeatable levels by time:
  Bailey: 1427 daAuts
    D:10: 1407 daAuts
     D:8: 1343 daAuts
     D:7: 1208 daAuts
     D:9: 1036 daAuts
     D:6: 927 daAuts
     D:5: 887 daAuts
    D:13: 880 daAuts
Gauntlet: 783 daAuts
     D:2: 775 daAuts
     D:1: 730 daAuts
     D:4: 706 daAuts
     D:3: 604 daAuts
    D:11: 559 daAuts
    D:12: 461 daAuts
